 Dungeon Crawl Stone Soup version 0.13-b1-41-gf166b9b (webtiles) character file.

354 Lilouch the Slasher (level 5, -15/42 HPs)
             Began as a Mummy Fighter on Oct 8, 2013.
             Demolished by a hill giant
             ... wielding a +0,+0 giant club
              (36 damage)
             ... on Level 2 of the Dungeon.
             The game lasted 00:21:26 (18106 turns).

Lilouch the Slasher (Mummy Fighter)                Turns: 18106, Time: 00:21:26

HP -15/42        AC  8     Str 20      XL: 5   Next: 46%
MP   4/4         EV  6     Int  7      God:
Gold 158         SH 18     Dex 11      Spells:  0 memorised,  4 levels left

Res.Fire  : x . .   See Invis. : .   a - +0 falchion
Res.Cold  : + . .   Warding    : .   b - +0 scale mail
Life Prot.: + + +   Conserve   : .   c - +0 shield
Res.Poison: +       Res.Corr.  : .   (no helmet)
Res.Elec. : .       Clarity    : .   (no cloak)
Sust.Abil.: . .     Spirit.Shd : .   (no gloves)
Res.Mut.  : .       Stasis     : .   y - +0 pair of boots {Fly}
Res.Rott. : +       Flight     : .   (no amulet)
Saprovore : . . .                    (no ring)
                                     f - ring of wizardry

@: slightly resistant to hostile enchantments, extremely unstealthy
A: no food or potions, fire vulnerability, restore body, cold resistance 1, life
protection 3, poison resistance, torment resistance, unbreathing
a: Evoke Flight


You were on level 2 of the Dungeon.
You were not hungry.

You visited 1 branch of the dungeon, and saw 3 of its levels.

You collected 138 gold pieces.

Inventory:

Hand weapons
 a - a +0,+0 falchion (weapon)
 D - a +0,+0 elven dagger (quivered)
Missiles
 d - 70 darts
 g - a throwing net
 i - 32 arrows
 n - 15 stones
 s - 7 poisoned needles
 t - a dart of frost
Armour
 b - a +0 scale mail (worn)
 c - a +0 shield (worn)
 y - a +0 pair of boots of flying (worn)
 A - a +0 elven leather armour
Comestibles
 m - 3 meat rations
Scrolls
 h - 2 scrolls of curse weapon {unknown}
 j - a scroll of remove curse {unknown}
 l - 3 scrolls of noise {unknown}
 o - 3 scrolls of curse armour {unknown}
 r - a scroll of blinking {unknown}
 u - 3 scrolls of identify {unknown}
 w - a scroll of random uselessness {unknown}
 B - a scroll of curse jewellery {unknown}
 E - a scroll of enchant armour {unknown}
Jewellery
 f - a ring of wizardry (left hand)
Potions
 e - 2 potions of restore abilities {unknown}
 k - a potion of slowing {unknown}
 p - a potion of beneficial mutation {unknown}
 q - a potion of resistance {unknown}
 v - a potion of curing {unknown}
 x - a potion of brilliance {unknown}
 z - a potion of paralysis {unknown}
 C - a potion of mutation {unknown}


   Skills:
 - Level 3.2 Fighting
 * Level 3.4 Long Blades
 + Level 3.2 Armour
 - Level 0.1 Dodging
 + Level 3.2 Shields


You had 4 spell levels left.
You didn't know any spells.

Dungeon Overview and Level Annotations

Branches:
Dungeon (3/27)

Altars:
Ashenzari
Cheibriados
Elyvilon
Trog
Vehumet
Yredelemnul


Innate Abilities, Weirdness & Mutations

You do not eat or drink.
Your flesh is vulnerable to fire.
Your flesh is cold resistant.
You are immune to negative energy.
Your system is resistant to poisons.
You are immune to unholy pain and torment.
You can survive without breathing.


Message History

There is an open door here.
You open the door.
HP restored.
There is an open door here.
You open the door.
Found a naga barding.
Found an escape hatch in the ceiling.
There is an open door here.
Found a stone staircase leading up.
You see here a naga barding.
You now have 158 gold pieces (gained 15).
You open the door.
There is a stone staircase leading up here.
You climb upwards.
The hill giant shouts!
The hill giant hits you with a giant club!
Ouch! That really hurt!
There is a stone staircase leading down here.
The hill giant hits you with a giant club!
Ouch! That really hurt!
You die...

#.# ##.###### #.#
#.## #'## #..#
...# ##.#######
...# #........#
...# #........#
...######........#
...#.............#
...'.####......C@#
...### #####.####
...# #.# ...# #.#
##### ##.# ....#
###..# ###'##
#...## .....#
###.#####
.....###.......#


You could see a hill giant.

Vanquished Creatures
  An iguana (D:2)
  A worker ant (D:1)
  7 adders
  2 worms
  A giant gecko (D:1)
  An orc (D:3)
  9 bats
  6 giant cockroaches
  11 goblins
  7 hobgoblins
  2 jackals (D:1)
  8 kobolds
  3 quokkas
  6 ball pythons
  2 giant newts (D:1)
  An orc zombie (D:1)
  11 rats
79 creatures vanquished.

Notes
Turn   | Place    | Note
--------------------------------------------------------------
     0 | D:1      | Lilouch, the Mummy Fighter, began the quest for the Orb.
     0 | D:1      | Reached XP level 1. HP: 18/18 MP: 0/0
   332 | D:2      | Reached XP level 2. HP: 9/24 MP: 1/1
   963 | D:1      | Reached XP level 3. HP: 27/30 MP: 2/2
  6466 | D:1      | Reached XP level 4. HP: 33/36 MP: 3/3
  9166 | D:1      | Noticed a stone giant skeleton
  9347 | D:2      | Found a radiant altar of Vehumet.
  9362 | D:2      | Found a basalt altar of Yredelemnul.
  9366 | D:2      | Found a snail-covered altar of Cheibriados.
  9367 | D:2      | Found a shattered altar of Ashenzari.
  9538 | D:1      | Noticed a deep elf mage
  9539 | D:1      | Noticed a deep elf knight
 16152 | D:2      | Reached XP level 5. HP: 30/42 MP: 4/4
 17777 | D:2      | Noticed a white ugly thing
 17930 | D:3      | Found a white marble altar of Elyvilon.
 18041 | D:3      | Found a bloodstained altar of Trog.
 18105 | D:2      | Noticed a hill giant
 18106 | D:2      | Demolished by a hill giant

Action                   |  1- 3 |  4- 6 || total
-------------------------+-------+-------++-------
Melee: Falchion          |   144 |   219 ||   363
